 Dungeon Crawl Stone Soup version 0.19-a0-1831-gd4c818f (webtiles) character file.

122 Proteus the Covert (level 4, 0/22 HPs)
             Began as a Spriggan Assassin on Oct 8, 2016.
             Slain by an orc
             ... wielding a +0 mace
              (9 damage)
             ... on level 3 of the Dungeon.
             The game lasted 00:08:56 (2674 turns).

Proteus the Covert (Spriggan Assassin)              Turns: 2674, Time: 00:08:57

Health: 0/22       AC:  3    Str:  7    XL:     4   Next: 78%
Magic:  5/5        EV: 17    Int: 12    God:
Gold:   177        SH:  0    Dex: 18    Spells: 0 memorised, 3 levels left

rFire  . . .     SeeInvis +     a - +2 dagger
rCold  . . .     Gourm    .     c - +0 robe
rNeg   . . .     Faith    .     (shield restricted)
rPois  .         Spirit   .     (helmet restricted)
rElec  .         Dismiss  .     d - +0 cloak
rCorr  .         Reflect  .     (gloves unavailable)
MR     .....     Harm     .     (boots unavailable)
Stlth  ++++......               (no amulet)
                                (no ring)
                                (no ring)

@: very quick
A: unfitting armour, see invisible, herbivore 3, speed 3, slow metabolism 2
a: no special abilities


You were on level 3 of the Dungeon.
You were not hungry.

You visited 1 branch of the dungeon, and saw 3 of its levels.

You collected 177 gold pieces.

Inventory:

Hand Weapons
 a - a +2 dagger (weapon)
 b - a +1 blowgun
Missiles
 e - 20 poisoned needles
 f - 2 curare-tipped needles
Armour
 c - a +0 robe (worn)
 d - a +0 cloak (worn)
Scrolls
 i - a scroll of noise
Potions
 j - a potion of invisibility {unknown}
 m - a potion of curing
 n - 2 potions of brilliance
 t - a potion of lignification {unknown}
Comestibles
 g - a bread ration
 h - a slice of pizza
 k - 5 fruits


   Skills:
 - Level 1.5 Fighting
 - Level 2.1 Short Blades
 - Level 2.0 Throwing
 - Level 1.5 Dodging
 + Level 9.4 Stealth


You had 3 spell levels left.
You didn't know any spells.

Dungeon Overview and Level Annotations

Branches:
Dungeon (3/15)

Altars:
Makhleb


Innate Abilities, Weirdness & Mutations

You are very small and have problems with some larger weapons.
You are too small for most types of armour.
You have supernaturally acute eyesight. (SInv)
You are a herbivore.
You cover ground extremely quickly.
You need consume almost no food.


Message History

You see here a leopard gecko corpse.
Found a scroll of magic mapping.
You see here 18 gold pieces.
An orc comes into view. It is wielding a dagger.
An orc wizard comes into view. It is wielding a dagger.
The orc shouts!
You hear a shout! x2; The orc wizard shouts!
Found a bread ration.
An orc and an orc priest come into view.
The orc is wielding a flail of protection.
You hit the orc but do no damage. The orc closely misses you.
You hit the orc.
The orc is moderately wounded.
The orc barely misses you.
The orc priest invokes the aid of Beogh against you.
Pain shoots through your body!
Ouch! That really hurt!
You hit the orc.
The orc is severely wounded.
The orc hits you but does no damage. The orc hits you with a mace!
You die...

.#..#..#...#..#..#...#
,,**#...#.#†..###....#
,*...#...#...#...#)..#
*,...$#..#..#.....#.#*
,,,....#####..†.....#
*,....#,,#..#.....#.#
,*...#,,,#...#..$#..#
,,*##,,,#.#...###...#
,*,,*,,#...#..#.@#..#
*,,,**#.....###ooo#.#
,,,*,,#.....*.o#....#
,,*,,,*....,#...#o..#
,,,,,*,*.?,#.#,.,...#
,,,,*,,,*,#..,#.,...#
,,,,,,,,,%..,,..,...#
,,,,,,,,,.#***##*####
***********


You could see an orc priest, an orc wizard and 3 orcs.

Vanquished Creatures
  2 river rats (D:3)
  2 adders (D:2)
  3 oozes
  A worm (D:2)
  7 leopard geckos (D:3)
  2 orcs (D:3)
  A ball python (D:1)
  4 bats
  5 giant cockroaches
  5 goblins
  9 hobgoblins
  2 jackals (D:1)
  A quokka (D:2)
  3 frilled lizards
  5 kobolds
  5 rats
57 creatures vanquished.

Notes
Turn   | Place    | Note
-------+----------+-------------------------------------------
     0 | D:1      | Proteus the Spriggan Assassin began the quest for the Orb.
     0 | D:1      | Reached XP level 1. HP: 10/10 MP: 2/2
    30 | D:1      | Reached skill level 6 in Stealth
   426 | D:1      | Reached XP level 2. HP: 14/14 MP: 3/3
   539 | D:1      | Reached skill level 7 in Stealth
  1003 | D:1      | Reached XP level 3. HP: 8/18 MP: 4/4
  1663 | D:2      | Reached skill level 8 in Stealth
  2009 | D:3      | Found a burning altar of Makhleb.
  2009 | D:3      | Noticed a balrug
  2092 | D:3      | Reached XP level 4. HP: 12/22 MP: 5/5
  2232 | D:3      | Reached skill level 9 in Stealth
  2271 | D:3      | Found a glowing drain.
  2674 | D:3      | Slain by an orc

Vault maps used:
D:1:      minmay_arrival_solitary_statue, minmay_misc_feat_square
D:2:      kennysheep_cluttered_room
D:3:      makhleb_altar_promises_db, gup_sewer_entry_spiral,
          minmay_splitting_lines

Skill      XL: |  1  2  3  4 |
---------------+-------------+-----
Stealth        | 6 7 8 9 |  9.4
Fighting       | |  1.5
Short Blades   | |  2.1
Throwing       | |  2.0
Dodging        | |  1.5

Action                   |  1- 3 |  4- 6 || total
-------------------------+-------+-------++-------
Melee: Dagger            |   148 |   124 ||   272
 Fire: Blowgun           |     7 |       ||     7
  Use: Potion            |     1 |     2 ||     3
       Scroll            |     9 |     2 ||    11
 Stab: Sleeping          |     6 |     2 ||     8
Armor: Robe              |    22 |    12 ||    34
Dodge: Dodged            |   108 |    82 ||   190
